 Dungeon Crawl Stone Soup version 0.20-a0-432-g25cc1b4 (webtiles) character file.

430 SpaciestLady the Bolt Thrower (level 6, 0/51 HPs)
             Began as a Centaur Hunter on Jan 2, 2017.
             Was an Initiate of Makhleb.
             Slain by Grinder (2 damage)
             ... while paralysed by Grinder
             ... on level 4 of the Dungeon.
             The game lasted 00:26:32 (4822 turns).

SpaciestLady the Bolt Thrower (Centaur Hunter)      Turns: 4822, Time: 00:26:33

Health: 0/51       AC:  7    Str: 16    XL:     6   Next: 66%
Magic:  6/6        EV:  1    Int: 10    God:    Makhleb [......]
Gold:   218        SH:  0    Dex: 10    Spells: 5/5 levels left

rFire  . . .     SeeInvis .     l - +1 hand crossbow
rCold  . . .     Gourm    .     Y - +0 scale mail
rNeg   . . .     Faith    .     (no shield)
rPois  .         Spirit   .     x - +0 helmet
rElec  .         Reflect  .     (no cloak)
rCorr  .         Harm     .     (no gloves)
MR     .....                    (no barding)
Stlth  ..........               (no amulet)
                                (no ring)
                                (no ring)

@: paralysed, very quick
A: hooves 3, deformed body, speed 2, tough skin 3
a: Renounce Religion


You were on level 4 of the Dungeon.
You worshipped Makhleb.
Makhleb was noncommittal.
You were not hungry.

You visited 1 branch of the dungeon, and saw 4 of its levels.

You collected 218 gold pieces.

Inventory:

Hand Weapons
 a - a +0 vampiric trident
 b - a +0 short sword
 i - a cursed -1 whip
 k - a +0 hunting sling
 l - a +1 hand crossbow (weapon)
 v - a +2 short sword of speed
 T - a +0 giant spiked club
Missiles
 d - 33 bolts (quivered)
 e - 78 stones
 t - 18 arrows
Armour
 c - a +0 leather armour
 j - a +0 leather armour
 x - a +0 helmet (worn)
 B - a +0 scale mail
 C - a +0 leather armour
 F - a +0 robe
 O - a +0 robe
 Y - a +0 scale mail (worn)
 Z - a cursed +0 pair of boots
Jewellery
 g - a cursed ring of teleportation {unknown}
 G - an uncursed ring of protection from cold {unknown}
Scrolls
 o - 5 scrolls of identify
 q - 4 scrolls of remove curse {unknown}
 r - a scroll of teleportation {unknown}
 D - a scroll of blinking {unknown}
 M - 2 scrolls of fear {unknown}
 U - a scroll of amnesia {unknown}
 W - a scroll of recharging {unknown}
Potions
 h - a potion of flight {unknown}
 m - a potion of mutation {unknown}
 p - a potion of cure mutation {unknown}
 w - a potion of brilliance {unknown}
 E - 2 potions of resistance {unknown}
 L - a potion of agility {unknown}
 Q - 2 potions of curing {unknown}
 S - a potion of lignification {unknown}
 X - a potion of might {unknown}
Comestibles
 f - 2 bread rations
 V - a meat ration


   Skills:
 + Level 3.2 Fighting
 + Level 2.2 Short Blades
 + Level 0.3 Polearms
 + Level 6.3 Crossbows
 + Level 1.2 Throwing
 + Level 1.9 Armour
 + Level 1.9 Dodging
 + Level 0.8 Stealth


You had 5 spell levels left.
You didn't know any spells.

Dungeon Overview and Level Annotations

Branches:
Dungeon (4/15)             Temple (0/1) D:4

Altars:
Makhleb
Sif Muna
Trog

Annotations:
D:4 Grinder


Innate Abilities, Weirdness & Mutations

You have hooves in place of feet.
Armour fits poorly on your strangely shaped body.
You cover ground very quickly.
You have extremely tough skin. (AC +3)


Message History

You shoot a bolt. The bolt barely misses Grinder.
Grinder hits you.
You writhe in agony.
Firing (i - inventory. (,) - cycle):
d - 34 bolts (quivered)
Press: ? - help, Shift-Dir - straight line, f/p - Grinder
Aim: Grinder (moderately wounded)
You shoot a bolt. The bolt hits Grinder!
Grinder is severely wounded.
Grinder gestures at you.
You suddenly lose the ability to move!
Grinder hits you.
You writhe in agony.
Grinder hits you.
You writhe in agony.
Grinder hits you!
* * * LOW HITPOINT WARNING * * *
Grinder gestures at you. Pain shoots through your body!
* * * LOW HITPOINT WARNING * * *
Grinder hits you.
* * * LOW HITPOINT WARNING * * *
You writhe in agony.
You die...

..< #..# ### ...
#..####### .5.
#........## #.#
#.######.## #.# #.# #.##
#.#################.#
#.##
#.##..............#.#
#.##
#.##.############.#.##
#.# #....(.....5@>#
#....## #.#
####.########(###.#.#.##
#.## #.#
#.##..#.##.###.## ..#
#............†.## ####
####.#####.######
##.###.## # ##...##
#####


You could see Grinder.

Vanquished Creatures
  The ghost of Mogwied the Conjurer, an amateur DECj (D:3)
  An ogre (D:3)
  2 hounds
  An orc wizard (D:3)
  A worker ant (D:4)
  5 adders
  An ooze (D:4)
  An adder skeleton (D:4)
  2 worms (D:2)
  A dart slug (D:1)
  2 leopard geckos
  5 orcs (D:3)
  2 giant cockroaches
  8 goblins
  11 hobgoblins
  A quokka (D:2)
  A ball python (D:2)
  9 bats
  4 frilled lizards
  5 kobolds
  4 rats
  A fungus (D:2)
69 creatures vanquished.

Notes
Turn   | Place    | Note
-------+----------+-------------------------------------------
     0 | D:1      | SpaciestLady the Centaur Hunter began the quest for the Orb.
     0 | D:1      | Reached XP level 1. HP: 17/17 MP: 1/1
   180 | D:1      | Reached XP level 2. HP: 24/24 MP: 2/2
   646 | D:1      | Reached skill level 5 in Crossbows
   900 | D:2      | Reached XP level 3. HP: 25/29 MP: 3/3
  2193 | D:2      | Reached XP level 4. HP: 37/37 MP: 4/4
  2223 | D:2      | Reached skill level 1 in Short Blades
  2546 | D:2      | Found a burning altar of Makhleb.
  2555 | D:2      | Reached skill level 1 in Armour
  2597 | D:2      | Became a worshipper of Makhleb the Destroyer
  3239 | D:3      | Reached XP level 5. HP: 42/42 MP: 5/5
  3246 | D:3      | Noticed Mogwied's ghost (amateur DECj)
  3278 | D:3      | Killed Mogwied's ghost
  3278 | D:3      | Reached skill level 1 in Throwing
  3363 | D:3      | Reached XP level 6. HP: 50/50 MP: 6/6
  3594 | D:3      | Reached skill level 6 in Crossbows
  4318 | D:4      | Found a bloodstained altar of Trog.
  4352 | D:4      | Found a deep blue altar of Sif Muna.
  4700 | D:4      | Found a staircase to the Ecumenical Temple.
  4737 | D:4      | Noticed Grinder
  4817 | D:4      | Paralysed by Grinder for 6 turns
  4822 | D:4      | HP: 2/51 [Grinder (5)]
  4822 | D:4      | Slain by Grinder

Vault maps used:
D:1:      zelgadis_glass_arrival_small
D:2:      makhleb_heckhound_becter, minmay_gold_behind_fungi, grunt_ministairs_8
D:3:      first_bread, corexii_hall_statues_t, roderic_lattice_a
D:4:      lemuel_crystal_altar, lemuel_blue_sif_altar, uniq_grinder

Skill      XL: |  1  2  3  4  5  6 |
---------------+-------------------+-----
Crossbows      | 5 6 |  6.3
Short Blades   | 1 2 |  2.2
Armour         | 1 |  1.9
Throwing       | 1 |  1.2
Fighting       | 3 |  3.2
Polearms       | |  0.3
Dodging        | |  1.9
Stealth        | |  0.8

Action                   |  1- 3 |  4- 6 || total
-------------------------+-------+-------++-------
Melee: Short sword       |    79 |    40 ||   119
       Spear             |    32 |       ||    32
       Kick              |    23 |     7 ||    30
 Fire: Hand crossbow     |    18 |    66 ||    84
Throw: Stone             |    32 |    15 ||    47
  Use: Scroll            |     1 |     1 ||     2
       Potion            |       |     2 ||     2
  Eat: Bread ration      |     1 |     1 ||     2
       Chunk             |     1 |       ||     1
Armor: Leather armour    |    46 |    13 ||    59
       Scale mail        |       |     1 ||     1
Dodge: Dodged            |    70 |    23 ||    93
